 Dungeon Crawl Stone Soup version 0.32-a0-986-ga09f62fbf4 (webtiles) character file.

Game seed: 9915300430311708160

28 elagabalus the Firebug (level 2, 0/20 HPs)
             Began as a Demigod Fire Elementalist on Apr 21, 2024.
             Slain by an adder (1 damage)
             ... on level 2 of the Dungeon.
             The game lasted 00:05:20 (760 turns).

elagabalus the Firebug (Demigod Fire Elementalist)   Turns: 760, Time: 00:05:21

Health: 0/20       AC:  3    Str:  9    XL:     2   Next: 75%
Magic:  1/7        EV: 11    Int: 17    God:
Gold:   45         SH:  0    Dex: 14    Spells: 2/5 levels left

rFire   . . .        g - +0 whip
rCold   . . .        (no shield)
rNeg    . . .        a - +0 robe
rPois   .            i - +1 hat
rElec   .            (no cloak)
rCorr   .            (no gloves)
SInv    .            (no boots)
Will    .....        (no amulet)
Stlth   ++           h - ring of flight
HPRegen 0.23/turn    (no ring)
MPRegen 0.10/turn

%: no passive effects
@: flying
A: high MP 1, forlorn, divine attributes
a: no special abilities


You were on level 2 of the Dungeon.
You visited 1 branch of the dungeon, and saw 2 of its levels.

You collected 45 gold pieces.

Inventory:

Hand Weapons
 g - a +0 whip (weapon)
Armour
 a - a +0 robe (worn)
 i - a +1 hat (worn)
Magical Staves
 d - a staff of alchemy
Jewellery
 h - a ring of flight (left hand)
Scrolls
 e - a scroll of identify {unknown}
Potions
 b - a potion of magic
 c - a potion of curing {unknown}
 f - 2 potions of ambrosia {unknown}


   Skills:
 - Level 1.7 Dodging
 - Level 1.7 Stealth
 - Level 2.1 Spellcasting
 * Level 2.3 Conjurations
 - Level 2.6 Fire Magic


You had 2 spell levels left.
You knew the following spells:

 Your Spells              Type           Power      Damage    Failure   Level
a - Foxfire               Conj/Fire      40%        2x1d6     7%          1
b - Scorch                Fire           20%        2d5       10%         2

Your spell library contained the following spells:

 Spells                   Type           Power      Damage    Failure   Level
 Inner Flame              Hex/Fire       6%         N/A       32%         3
 Volatile Blastmotes      Fire/Tloc      12%        2d11      32%         3
 Flame Wave               Conj/Fire      10%        2d6       56%         4


Dungeon Overview and Level Annotations

Branches:
Dungeon (2/15)


Innate Abilities, Weirdness & Mutations

You have an increased reservoir of magic. (+10% MP)
You shall have no god before yourself.
Your divine heritage dramatically boosts your attributes as you level up.


Message History

You kill the goblin!
You see here a +0 dagger.
You see here a bat corpse.
An adder comes into view.
The adder moves out of view.
A frilled lizard comes into view.
An endoplasm comes into view.
The frilled lizard hisses angrily.
The endoplasm moves out of view.
The adder hisses angrily.
The endoplasm quivers.
Casting: Scorch (safe; 10% risk of failure)
Confirm with . or Enter, or press ? or * to list all spells.
Flames lash the frilled lizard.
You kill the frilled lizard!
The adder bites you. x2
You are poisoned.
The adder poisons you!
You feel sick.
A nearby plant withers and dies.
The adder attacks as it pursues you! The adder bites you.
You are more poisoned.
The adder poisons you!
You feel sick. The adder barely misses you. The adder bites you.
You feel sick. The adder attacks as it pursues you!
The adder bites you but does no damage.
You feel sick. The adder bites you.
* * * LOW HITPOINT WARNING * * *
* * * LOW HITPOINT WARNING * * *
You feel sick.
* * * LOW HITPOINT WARNING * * *
You feel sick.
* * * LOW HITPOINT WARNING * * *
You feel sick.
* * * LOW HITPOINT WARNING * * *
You feel sick.
You are no longer poisoned.
The adder barely misses you. The adder attacks as it pursues you!
The adder bites you but does no damage. The adder attacks as it pursues you!
The adder bites you.
You die...

######### #.......#
#.......#########
#........S@)....#
#.......#######.#####
#.......# #.....##
### ####.####
#####.)######
..♣♣♣##.####
##.......
#.#♣~♣~~.....#
####...#
#..~~~~♣♣♣##.....
#...... ♣♣~~~~~~♣
#### ....#####
♣~~P~~~~~♣ #.## #


You could see an adder.

Vanquished Creatures
  A ball python (D:1)
  2 bats
  2 endoplasms (D:1)
  A giant cockroach (D:2)
  2 goblins
  4 hobgoblins
  3 jackals (D:1)
  2 quokkas (D:1)
  A frilled lizard (D:2)
  4 kobolds
  2 rats (D:1)
24 creatures vanquished.

Vanquished Creatures (others)
  48 foxfires
48 creatures vanquished.

Grand Total: 72 creatures vanquished

Notes
Turn   | Place    | Note
-------+----------+-------------------------------------------
     0 | D:1      | elagabalus the Demigod Fire Elementalist began the quest
                  | for the Orb.
     0 | D:1      | Reached XP level 1. HP: 14/14 MP: 5/5
    57 | D:1      | Reached skill level 1 in Conjurations
   193 | D:1      | Reached XP level 2. HP: 20/20 MP: 3/7
   696 | D:2      | Learned a level 2 spell: Scorch
   756 | D:2      | HP: 1/20 [poisoned by an adder]
   760 | D:2      | Slain by an adder

Illustrated notes

Levels and vault maps discovered:
D:1:      minmay_arrival_shattered_statue, layout_basic
D:2:      layout_rooms, corexii_shack, serial_bayou_lake_a, uniq_jessica

Skill      XL: |  1  2 |
---------------+-------+-----
Spellcasting   | 2 |  2.1
Conjurations   | 1 2 |  2.3
Dodging        | |  1.7
Stealth        | |  1.7
Fire Magic     | |  2.6

Action                     || total
---------------------------++-------
  Melee: Whip              ||     5
   Cast: Foxfire           ||    29
         Scorch            ||     3
 Armour: Robe              ||    27
  Dodge: Dodged            ||    23

Table legend: (Time is in decaauts)
 A = Elapsed time spent in this place.
 B = Non-inter-level travel time spent in this place.
 C = Inter-level travel time spent in this place.
 D = Time resting spent in this place.
 E = Time spent auto-exploring this place.
 F = Levels seen in this place.
 G = Mean time per level.
                   A        B        C        D        E       F      G
               +--------+--------+--------+--------+--------+-----+--------+
         Total |    758 |    758 |      0 |      0 |      0 |   2 |  379.0 |
       Dungeon |    758 |    758 |      0 |      0 |      0 |   2 |  379.0 |
               +--------+--------+--------+--------+--------+-----+--------+

Top non-repeatable levels by time:
     D:1: 682 daAuts
     D:2: 76 daAuts
